Map: Prion Terraces

Players

xKawaiian

  • Race: Terran Terran
  • League: Master

Kirk - Winner!

  • Race: Zerg Zerg
  • League: Master

VOD

Have the link to the VOD?

Description

Time

  • Played on: Jan. 12, 2016, 6:50 p.m.
  • Length: 11:12
Show
View Real Time Build Order
Export as new Build Order

xKawaiian Terran 

Build Orders: Reaper Expand, MMM Bio 

Get SALT Encoding   

  12  0:00  SCV  
  13  0:12  SCV  
  14  0:17  Supply Depot  
  14  0:24  SCV  
  15  0:39  SCV  
  15  0:40  Barracks  
  16  0:46  Refinery  
  16  0:51  SCV  
  17  1:03  SCV  
  18  1:15  SCV  
  19  1:29  Orbital Command  
  19  1:31  Reaper  
  20  1:38  Command Center  
  20  1:49  Supply Depot  
  20  1:54  SCV  
  21  2:04  Barracks Reactor  
  21  2:06  SCV  
  21  2:07  Barracks  
  22  2:17  Barracks  
  22  2:18  SCV  
  23  2:30  SCV  
  24  2:41  Marine x2  
  24  2:43  SCV  
  27  2:50  Orbital Command  
  27  2:55  SCV, Marine  
  29  2:59  Marine  
  29  3:02  Marine  
  31  3:05  Factory  
  31  3:07  SCV  
  33  3:16  Reaper  
  33  3:17  Reaper  
  33  3:18  SCV  
  33  3:19  SCV  
  36  3:21  Refinery  
  36  3:23  Marine  
  37  3:31  SCV  
  37  3:33  Bunker  
  38  3:35  Marine  
  39  3:41  Marine  
  39  3:47  Marine  
  36  3:51  SCV  
  36  3:52  SCV  
  36  3:53  Marine  
  40  3:59  Marine  
  41  4:03  Supply Depot  
  41  4:05  Starport  
  41  4:07  SCV x2  
  41  4:09  Marine  
  43  4:13  Factory Reactor  
  45  4:18  Marine  
  45  4:19  SCV, Barracks Tech Lab  
  45  4:21  SCV  
  46  4:24  Marine  
  46  4:25  Supply Depot  
  46  4:29  Marine  
  48  4:31  SCV  
  48  4:32  Supply Depot  
  48  4:33  SCV  
  48  4:36  Supply Depot, Marine  
  51  4:39  Marine  
  51  4:42  Stimpack, Marine  
  51  4:43  SCV  
  54  4:46  SCV  
  54  4:52  Marine  
  56  4:55  Refinery, Medivac  
  56  4:56  SCV, Marine  
  60  5:04  Marine  
  60  5:05  Marine  
  62  5:09  SCV  
  62  5:10  Marine  
  62  5:11  SCV  
  62  5:13  Marine  
  66  5:16  Supply Depot x2, Factory Reactor  
  66  5:21  SCV  
  67  5:22  Marine x2  
  67  5:23  SCV  
  67  5:27  Medivac  
  67  5:28  Refinery  
  73  5:34  Barracks Tech Lab  
  73  5:35  Factory Tech Lab, SCV  
  73  5:44  Marine x2  
  73  5:45  Marauder  
  73  5:49  Barracks  
  77  5:52  Barracks, Marauder  
  79  6:02  Marine  
  79  6:03  Siege Tank  
  83  6:05  Marine  
  83  6:06  Marauder  
  83  6:09  Combat Shields  
  86  6:14  Marauder  
  87  6:23  SCV  
  86  6:28  Marauder  
  86  6:31  Marine  
  89  6:33  Marine  
  89  6:35  Marauder  
  93  6:44  SCV  
  94  6:48  Barracks Reactor, Barracks Tech Lab  
  94  6:54  Marauder  
  94  6:55  Siege Tank  
  94  6:56  Marauder  
  94  7:00  Marine  
  96  7:07  Command Center  
  91  7:08  SCV  
  91  7:09  Marine  
  91  7:10  Medivac x2, Marauder  
  91  7:15  Marauder  
  98  7:17  Engineering Bay  
  98  7:22  SCV x2  
  100  7:23  Engineering Bay  
  100  7:33  Concussive Shells, Marine  
  100  7:34  SCV x2  
  100  7:36  Marine x2  
  105  7:38  Supply Depot  
  105  7:40  Marine  
  106  7:46  SCV  
  100  7:53  Marine  
  100  7:54  Missile Turret, Marine x2  
  100  7:55  Missile Turret  
  100  7:58  Terran Infantry Weapons Level 1  
  103  8:01  Terran Infantry Armor Level 1  
  103  8:02  Marine  
  103  8:05  Marine  
  105  8:09  Siege Tank  
  108  8:19  Marine  
  100  8:20  Marauder  
  100  8:21  SCV x2  
  100  8:23  Orbital Command  
  105  8:30  Marauder, Marine x2  
  105  8:33  SCV  
  105  8:34  Medivac  
  112  8:35  Medivac  
  112  8:39  Supply Depot  
  114  8:42  Marauder, Marine x2  
  118  8:51  Marine  
  118  8:52  Siege Tank, Marauder  
  122  9:00  Marine  
  122  9:01  Marauder, Marine  
  121  9:03  SCV  
  121  9:04  Armory, Medivac  
  124  9:19  SCV  
  124  9:21  Refinery  
  125  9:24  Siege Tank  
  125  9:26  Liberator  
  125  9:28  Marauder, Marine  
  131  9:31  Barracks  
  131  9:32  Command Center, Supply Depot x2, Barracks  
  131  9:33  SCV  
  131  9:34  Marine x2  
  131  9:35  Marine, Marauder  
  137  9:39  Marine  
  141  9:50  Supply Depot  
  141  9:51  Marine  
  141  9:53  Marine  
  141  9:56  Marauder  
  133  10:01  Marine x2  
  133  10:02  Siege Tank, Marauder  
  140  10:10  Marine  
  141  10:15  SCV  
  141  10:16  Missile Turret  
  141  10:17  Supply Depot x2, Marauder, Marine  
  141  10:18  Supply Depot  
  145  10:22  Barracks Reactor, Barracks Tech Lab  
  145  10:23  Marauder  
  145  10:25  Marauder  
  149  10:32  Marine  
  116  10:38  Marine  
  116  10:39  Marine, Marauder  
  95  10:44  Marauder  
  90  10:51  Marine x2  
Show
View Real Time Build Order
Export as new Build Order

Kirk Zerg - Winner!

Build Orders: Pool First 

Get SALT Encoding   

  12  0:00  Drone  
  13  0:12  Overlord  
  13  0:20  Drone  
  14  0:30  Drone x2  
  16  0:36  Drone  
  17  0:45  Drone  
  18  0:53  Spawning Pool  
  18  0:56  Drone  
  18  0:59  Extractor  
  17  1:08  Drone  
  18  1:18  Hatchery  
  17  1:29  Drone  
  17  1:30  Drone  
  19  1:40  Queen  
  21  1:58  Hatchery  
  21  2:00  Drone  
  21  2:06  Metabolic Boost  
  21  2:13  Overlord  
  21  2:21  Zergling x2  
  22  2:29  Queen  
  24  2:36  Zergling x2  
  24  2:37  Zergling x4  
  26  2:40  Zergling x2  
  28  2:53  Burrow  
  28  2:54  Zergling x4  
  30  3:03  Drone x3  
  33  3:06  Drone  
  33  3:09  Drone  
  34  3:14  Drone  
  34  3:16  Drone  
  34  3:18  Drone  
  37  3:30  Drone  
  37  3:31  Drone x3  
  40  3:48  Drone x3  
  38  3:49  Drone x2  
  38  3:52  Drone  
  38  3:53  Drone, Extractor  
  41  3:56  Roach Warren  
  41  3:57  Drone  
  41  3:58  Drone  
  42  4:06  Overlord  
  42  4:09  Extractor  
  41  4:10  Extractor  
  41  4:11  Extractor, Zergling x4  
  41  4:12  Zergling x2  
  42  4:17  Evolution Chamber  
  42  4:18  Evolution Chamber, Drone  
  42  4:19  Drone  
  42  4:26  Drone  
  42  4:27  Drone x5  
  48  4:43  Overlord  
  48  4:44  Overlord  
  48  5:00  Queen  
  48  5:02  Zerg Ground Armor Level 1  
  48  5:03  Zerg Missile Weapons Level 1  
  48  5:04  Drone x3  
  48  5:05  Drone x2  
  49  5:07  Extractor  
  49  5:11  Roach  
  49  5:12  Roach x3  
  54  5:14  Drone x6  
  54  5:26  Drone x3  
  54  5:28  Drone x3  
  56  5:29  Drone  
  55  5:40  Drone x3  
  58  5:50  Roach  
  57  5:59  Overlord, Roach  
  57  6:04  Overlord x2  
  57  6:05  Lair  
  57  6:09  Roach  
  54  6:22  Roach x6  
  54  6:23  Roach x4  
  70  6:50  Overlord x2  
  70  6:51  Overlord x3  
  70  6:52  Overlord  
  70  7:10  Drone x3  
  70  7:11  Drone x3  
  70  7:12  Drone x5  
  81  7:16  Zerg Missile Weapons Level 2  
  81  7:29  Zerg Ground Armor Level 2  
  81  7:31  Glial Reconstitution  
  81  7:36  Roach  
  81  7:39  Drone x4  
  84  8:01  Roach  
  84  8:02  Roach x8  
  101  8:12  Overlord x2  
  95  8:21  Drone x2  
  95  8:26  Overlord x2  
  97  8:33  Ravager  
  98  8:34  Ravager x12  
  98  8:35  Ravager x3  
  113  8:46  Ravager x2  
  113  8:47  Ravager x3  
  118  9:03  Roach x6  
  128  9:35  Overlord x4  
  128  9:36  Roach  
  130  9:59  Roach  
  128  10:02  Roach x3  
  128  10:03  Roach x6  
  128  10:04  Roach x4  
  128  10:06  Queen  
  128  10:07  Queen x2  
  160  10:14  Ravager  
  160  10:15  Ravager  
  160  10:20  Ravager  
  162  10:22  Overlord  
  162  10:25  Hatchery  
  113  11:09  Roach Warren, Hydralisk Den  
Tags
 
Add a new tag
Caveats
  • Supply blocks, unpowered buildings, or Contaminate may cause inaccurate times.
  • Supply counts are checked every 10 seconds.